 Dungeon Crawl Stone Soup version 0.18-a0-1347-gb9e2fb4 (webtiles) character file.

739 SexyShrek the Sneak (level 7, -3/66 HPs)
             Began as an Ogre Assassin on Feb 17, 2016.
             Was a Follower of Vehumet.
             Splashed by a jelly's acid (13 damage)
             ... on level 5 of the Dungeon.
             The game lasted 00:07:05 (4527 turns).

SexyShrek the Sneak (Ogre Assassin)                 Turns: 4527, Time: 00:07:05

Health: -3/66      AC: -4    Str: 17    XL:     7   Next: 75%
Magic:  7/7        EV:  9    Int: 10    God:    Vehumet [*.....]
Gold:   158        SH:  0    Dex: 13    Spells: 0 memorised, 6 levels left

rFire  . . .     SeeInvis .     b - +0 blowgun
rCold  . . .     Gourm    .     c - +0 robe
rNeg   . . .     Faith    .     (no shield)
rPois  .         Spirit   .     (helmet restricted)
rElec  .         Dismiss  .     d - +0 cloak
rCorr  .         Reflect  .     (gloves unavailable)
SustAt .         Harm     +     (boots unavailable)
MR     .....                    v - amulet of harm
Stlth  ++........               (no ring)
                                m - ring of flight

@: corroded equipment, very slightly contaminated, invisible, not resistant to
hostile enchantments, unstealthy
A: unfitting armour, tough skin 1
a: Renounce Religion, Evoke Flight


You were on level 5 of the Dungeon.
You worshipped Vehumet.
Vehumet was aware of your devotion.
You were not hungry.

You visited 1 branch of the dungeon, and saw 5 of its levels.

You collected 158 gold pieces.

Inventory:

Hand Weapons
 a - a +2 dagger
 b - a +0 blowgun (weapon)
Missiles
 e - 51 poisoned needles (quivered)
 f - 2 curare-tipped needles
Armour
 c - a +0 robe (worn)
 d - a +0 cloak (worn)
Jewellery
 m - a ring of flight (left hand)
 v - an amulet of harm (around neck)
Wands
 o - a wand of flame (13/48)
Scrolls
 h - a scroll of magic mapping {unknown}
 l - a scroll of teleportation {unknown}
 r - a scroll of remove curse {unknown}
 s - a scroll of immolation {unknown}
 u - 3 scrolls of recharging {unknown}
 w - 2 scrolls of identify {unknown}
Potions
 k - a potion of flight {unknown}
 p - a potion of cancellation {unknown}
 q - a potion of might {unknown}
 t - a potion of haste {unknown}
Comestibles
 g - 2 bread rations
 j - 2 slices of pizza
 x - a beef jerky
 z - a meat ration


   Skills:
 - Level 2.6 Fighting
 + Level 4.1 Short Blades
 - Level 2.0 Throwing
 - Level 0.8 Dodging
 + Level 6.3 Stealth


You had 6 spell levels left.
You didn't know any spells.

Dungeon Overview and Level Annotations

Branches:
Dungeon (5/15)             Temple (0/1) D:4

Altars:
Qazlal
Vehumet


Innate Abilities, Weirdness & Mutations

You are too large for most types of armour.
You have tough skin (AC +1).


Message History

* * * LOW HITPOINT WARNING * * *
Drink which item? (? for menu, Esc to quit)
You feel better. The jelly hits you.
* * * LOW HITPOINT WARNING * * *
You are splashed with acid!
The acid burns!
* * * LOW HITPOINT WARNING * * *
Drink which item? (? for menu, Esc to quit)
You feel better. The jelly barely misses you.
Drink which item? (? for menu, Esc to quit)
You feel better. The jelly hits you.
You are splashed with acid!
The acid burns!
* * * LOW HITPOINT WARNING * * *
Drink which item? (? for menu, Esc to quit)
Okay, then.
Wield which item (- for none, * to show all)? (? for menu, Esc to quit)
b - a +0 blowgun (weapon)
The jelly hits you.
* * * LOW HITPOINT WARNING * * *
You are splashed with acid!
The acid burns!
You die...

#.# #.........
#.# ####.#####
#.# #####.#
#.# #.....#
#.######
#####.#
#......# #.#
######.#
#.##### #J#
#...... #@#
#.#####
#.##########.#
#....†.......#
############.#
###


You could see a jelly.

Vanquished Creatures
  Sigmund (D:3)
  Menkaure (D:4)
  Blork the orc (D:4)
  A giant frog (D:4)
  A quasit (D:4)
  2 hounds
  An orc wizard (D:4)
  Terence (D:3)
  An iguana (D:5)
  Robin (D:3)
  7 adders
  A worm (D:2)
  An adder skeleton (D:4)
  6 giant geckos
  4 orcs (D:4)
  A ball python (D:3)
  4 bats
  14 goblins
  9 hobgoblins
  6 jackals
  2 kobolds
  2 quokkas
  A giant newt (D:1)
  8 rats
77 creatures vanquished.

Notes
Turn   | Place    | Note
--------------------------------------------------------------
     0 | D:1      | SexyShrek the Ogre Assassin began the quest for the Orb.
     0 | D:1      | Reached XP level 1. HP: 22/22 MP: 1/1
   268 | D:1      | Reached XP level 2. HP: 19/29 MP: 2/2
   575 | D:1      | Reached XP level 3. HP: 36/36 MP: 3/3
   659 | D:2      | Found a radiant altar of Vehumet.
   674 | D:2      | Became a worshipper of Vehumet
  1141 | D:2      | Reached XP level 4. HP: 15/44 MP: 4/4
  1228 | D:2      | Reached skill level 4 in Stealth
  2008 | D:3      | Noticed Terence
  2008 | D:3      | Noticed Robin
  2041 | D:3      | Killed Terence
  2041 | D:3      | Reached XP level 5. HP: 26/50 MP: 5/5
  2076 | D:3      | Reached * piety under Vehumet
  2076 | D:3      | Offered knowledge of Magic Dart by Vehumet.
  2081 | D:3      | Killed Robin
  2452 | D:3      | Noticed Sigmund
  2470 | D:3      | Killed Sigmund
  2470 | D:3      | Reached skill level 5 in Stealth
  2470 | D:3      | Reached XP level 6. HP: 59/59 MP: 6/6
  2681 | D:3      | Found a radiant altar of Vehumet.
  2828 | D:3      | Found a stormy altar of Qazlal.
  3504 | D:4      | Noticed Menkaure
  3508 | D:4      | Killed Menkaure
  3508 | D:4      | Reached XP level 7. HP: 55/66 MP: 7/7
  3549 | D:4      | Found a staircase to the Ecumenical Temple.
  3618 | D:4      | Reached skill level 6 in Stealth
  3682 | D:4      | Noticed Blork the orc
  3688 | D:4      | Killed Blork the orc
  3978 | D:5      | Entered Level 5 of the Dungeon
  4527 | D:5      | Splashed by a jelly's acid

Vault maps used:
D:1:      dpeg_arrival_stone_temple_mockup
D:2:      kennysheep_okawaru_gauntlet, nicolae_overflow_crystal_walls,
          minivault_11, cheibrodos_gnoll_hut
D:3:      grunt_qazlal_sundering, vehumet_altar_wand_db, uniq_terence,
          uniq_robin, uniq_sigmund
D:4:      minmay_temple_entry_trees, serial_bayou_pond_e, uniq_menkaure,
          uniq_blork_the_orc
D:5:      kennysheep_ying_yang, lemuel_round_altar, first_bread, serial_shops,
          shop, uniq_edmund

Action                   |  1- 3 |  4- 6 |  7- 9 || total
-------------------------+-------+-------+-------++-------
Melee: Dagger            |    83 |   203 |    79 ||   365
 Fire: Blowgun           |     9 |    15 |     3 ||    27
  Use: Potion            |       |     1 |     5 ||     6
 Stab: Sleeping          |     2 |     2 |     3 ||     7
       Invisible         |       |     2 |       ||     2
  Eat: Chunk             |       |     3 |       ||     3
       Meat ration       |       |     1 |       ||     1
       Bread ration      |       |       |     1 ||     1
